 Dungeon Crawl Stone Soup version 0.31-a0-40-g1d5085d191 (webtiles) character file.

Game seed: 5349931433031021841

501 IdlyInterested the Trooper (level 6, 0/49 (52) HPs)
             Began as a Demonspawn Wanderer on May 17, 2023.
             Slain by a gnoll
             ... wielding a +0 whip
              (5 damage)
             ... on level 4 of the Dungeon.
             The game lasted 00:12:13 (3456 turns).

IdlyInterested the Trooper (Demonspawn Wanderer)    Turns: 3456, Time: 00:12:14

HP:   0/49 (52)     AC:  6    Str: 13    XL:     6   Next: 95%
MP:   0/9           EV: 12    Int: 10    God:
Gold: 136           SH:  0    Dex: 17    Spells: 9/9 levels left

rFire   + . .        E - +1 falchion (heavy)
rCold   . . .        (no shield)
rNeg    . . .        s - +2 robe
rPois   .            (no helmet)
rElec   .            y - +0 cloak
rCorr   .            (no gloves)
SInv    .            c - +0 pair of boots
Will    +....        (no amulet)
Stlth   ++           a - ring of willpower
HPRegen 0.28/turn    x - ring of protection from fire
MPRegen 0.22/turn

%: guardian spirit
@: hasted, drained, very quick
A: ignite blood 1, magic shield, magic regeneration, demonic touch 1
a: no special abilities


You were on level 4 of the Dungeon.
You visited 1 branch of the dungeon, and saw 4 of its levels.

You collected 136 gold pieces.

Inventory:

Hand Weapons
 j - a +0 dagger
 n - a +0 short sword
 w - a +0 mace
 z - a +0 hand axe
 D - a +0 trident
 E - a +1 heavy falchion (weapon)
Missiles
 o - 12 stones (quivered)
 p - 2 javelins
Armour
 c - a +0 pair of boots (worn)
 s - a +2 robe (worn)
 y - a +0 cloak (worn)
Jewellery
 a - a ring of willpower (left hand)
 t - a ring of ice
 x - a ring of protection from fire (right hand)
Scrolls
 d - 2 scrolls of vulnerability
 e - 2 scrolls of identify
 f - a scroll of enchant armour {unknown}
 h - 2 scrolls of fog {unknown}
 i - 4 scrolls of teleportation
 k - a scroll of poison
 l - a scroll of immolation {unknown}
 q - 2 scrolls of blinking
 B - a scroll of butterflies {unknown}
 C - a scroll of torment
Potions
 b - a potion of brilliance {unknown}
 g - a potion of flight {unknown}
 m - 2 potions of curing
 u - a potion of attraction
 v - a potion of heal wounds
 A - a potion of invisibility


   Skills:
 + Level 6.1 Fighting
 - Level 1.7 Staves
 - Level 1.7 Ranged Weapons
 * Level 1.0 Throwing
 - Level 2.0 Armour
 - Level 2.0 Dodging
 - Level 2.0 Stealth
 - Level 2.0 Spellcasting
 - Level 2.0 Evocations


You had 9 spell levels left.
You didn't know any spells.
Your spell library contained the following spells:

 Spells                   Type           Power      Damage    Failure   Level
 Ensorcelled Hibernation  Hex/Ice        2%         N/A       43%         2
 Passwall                 Tmut/Erth      0%         N/A       43%         2
 Dazzling Flash           Conj/Hex       2%         N/A       67%         3
 Swiftness                Air            1%         N/A       67%         3
 Agony                    Necr           1%         N/A       100%        5
 Silence                  Hex/Air        0%         N/A       100%        5


Dungeon Overview and Level Annotations

Branches:
Dungeon (4/15)
 Temple: D:4-7

Altars:
Cheibriados
Trog
Wu Jian


Innate Abilities, Weirdness & Mutations

Your demonic aura sometimes causes spilled blood to erupt in flames.
When hurt, damage is shared between your health and your magic reserves.
You regenerate magic rapidly.
Your touch may inflict minor irresistible damage on your foes.


Message History

The hobgoblin misses you.
You hit the hobgoblin.
You touch the hobgoblin.
You kill the hobgoblin!
The jackal bites you but does no damage.
You barely miss the jackal. Your touch misses the jackal.
The jackal closely misses you. The gnoll closely misses you.
The jackal bites you.
You slash the jackal!
You kill the jackal!
The gnoll hits you from afar with a +0 halberd!
The orc closely misses you.
You closely miss the orc. The orc hits you but does no damage.
You closely miss the orc. Your touch misses the orc.
The gnoll hits you but does no damage. The orc hits you with a +0 mace.
You hit the orc.
The orc is severely wounded.
The gnoll misses you. The orc closely misses you.
The orc completely misses you.
You slash the orc!
You kill the orc!
The gnoll barely misses you.
A gnoll comes into view. It is wielding a +0 whip.
The gnoll shouts!
You hit the gnoll but do no damage. The gnoll closely misses you.
The gnoll hits you with a +0 flail.
You hit the gnoll but do no damage. The gnoll barely misses you. x2
The gnoll closely misses you.
The gnoll hits you from afar with a +0 halberd.
The gnoll closely misses you.
You hit the gnoll.
You touch the gnoll!
The gnoll is almost dead.
The gnoll closely misses you. The gnoll barely misses you.
The gnoll hits you with a +0 whip.
* * * LOW HITPOINT WARNING * * *
You slash the gnoll!
You kill the gnoll!
The gnoll hits you from afar with a +0 halberd!
* * * LOW HITPOINT WARNING * * *
The gnoll hits you with a +0 whip!
You die...

.########.## #.#
>....^###..#####.#######
#.###................... #.#
######............## ..#
##...............
'#######...#..........## #
.♣##...#.#####..########..
..##.....# ##g#####....# ##
._.#....## #.@)....# ...
8###....##### ####g.### ....
##......)...######...###.....
...<.[..###..................
........# ####>..####........
........###..................
.#.....##....#...............
.............#.###...........
.###...##......#K#...........


You could see 2 gnolls.

Vanquished Creatures
  Sigmund (D:3)
  A scorpion (D:4)
  A jelly (D:4)
  An orc priest (D:4)
  An iguana (D:4)
  2 orc wizards (D:4)
  A gnoll (D:4)
  4 adders
  A worm (D:2)
  4 dart slugs
  13 orcs
  9 endoplasms
  3 giant cockroaches
  7 goblins
  8 hobgoblins
  4 jackals (D:4)
  4 quokkas
  6 ball pythons
  5 bats
  6 frilled lizards
  6 kobolds
  2 rats (D:1)
90 creatures vanquished.

Vanquished Creatures (others)
  An orc wizard (D:4)
1 creature vanquished.

Grand Total: 91 creatures vanquished

Notes
Turn   | Place    | Note
-------+----------+-------------------------------------------
     0 | D:1      | IdlyInterested the Demonspawn Wanderer began the quest for
                  | the Orb.
     0 | D:1      | IdlyInterested set off with the following items: a +2
                  | sling, a +0 quarterstaff, a +0 pair of boots, a scroll of
                  | vulnerability, a +0 robe.
     0 | D:1      | Reached XP level 1. HP: 18/18 MP: 1/1
   128 | D:1      | Reached skill level 1 in Armour
   218 | D:1      | Gained mutation: Your touch may inflict minor irresistible
                  | damage on your foes. [demonic ancestry]
   218 | D:1      | Reached XP level 2. HP: 24/24 MP: 2/2
   247 | D:1      | Reached skill level 1 in Stealth
   545 | D:1      | Reached skill level 1 in Throwing
   652 | D:2      | Reached XP level 3. HP: 25/29 MP: 3/3
  1885 | D:3      | Gained mutation: You regenerate magic rapidly. [demonic
                  | ancestry]
  1885 | D:3      | Reached XP level 4. HP: 37/37 MP: 4/4
  2140 | D:3      | Noticed Sigmund
  2152 | D:3      | Killed Sigmund
  2153 | D:3      | Reached skill level 5 in Fighting
  2153 | D:3      | Gained mutation: Your demonic aura sometimes causes spilled
                  | blood to erupt in flames. [demonic ancestry]
  2153 | D:3      | Reached XP level 5. HP: 39/44 MP: 5/5
  2592 | D:4      | Noticed a torpor snail
  2592 | D:4      | Found a snail-covered altar of Cheibriados.
  2746 | D:4      | Reached skill level 1 in Spellcasting
  2746 | D:4      | Gained mutation: When hurt, damage is shared between your
                  | health and your magic reserves. [demonic ancestry]
  2746 | D:4      | Reached XP level 6. HP: 19/51 MP: 5/7
  3208 | D:4      | Found a bloodstained altar of Trog.
  3209 | D:4      | Found an ornate altar of the Wu Jian Council.
  3445 | D:4      | Reached skill level 6 in Fighting
  3456 | D:4      | Slain by a gnoll

Illustrated notes

Levels and vault maps discovered:
D:1:      giann_bridges, layout_basic
D:2:      layout_loops_ring
D:3:      layout_basic, minmay_misc_feat_chi, minmay_misc_feat_pillars,
          uniq_sigmund
D:4:      layout_rooms, cheibriados_altar_2, gammafunk_temple_overflow_statue,
          minmay_starry_boxes

Skill      XL: |  1  2  3  4  5  6 |
---------------+-------------------+-----
Armour         | 1 2 |  2.0
Stealth        | 1 2 |  2.0
Throwing       | 1 |  1.0
Dodging        | 2 |  2.0
Fighting       | 5 6 |  6.1
Spellcasting   | 1 2 |  2.0
Evocations     | 2 |  2.0
Staves         | |  1.7
Ranged Weapons | |  1.7

Action                     |  1- 3 |  4- 6 || total
---------------------------+-------+-------++-------
  Melee: Quarterstaff      |   122 |   137 ||   259
         Falchion          |       |    21 ||    21
         Touch             |       |     5 ||     5
  Throw: Stone             |       |     8 ||     8
    Use: Scroll            |     6 |     2 ||     8
         Potion            |     2 |     2 ||     4
   Stab: Sleeping          |       |     1 ||     1
 Armour: Ring mail         |    28 |       ||    28
         Chain mail        |    31 |    26 ||    57
         Robe              |       |    56 ||    56
  Dodge: Dodged            |    49 |   111 ||   160

Table legend: (Time is in decaauts)
 A = Elapsed time spent in this place.
 B = Non-inter-level travel time spent in this place.
 C = Inter-level travel time spent in this place.
 D = Time resting spent in this place.
 E = Time spent auto-exploring this place.
 F = Levels seen in this place.
 G = Mean time per level.
                   A        B        C        D        E       F      G
               +--------+--------+--------+--------+--------+-----+--------+
         Total |   3509 |   2984 |    525 |    376 |   1519 |   4 |  877.2 |
       Dungeon |   3509 |   2984 |    525 |    376 |   1519 |   4 |  877.2 |
               +--------+--------+--------+--------+--------+-----+--------+

Top non-repeatable levels by time:
     D:3: 1060 daAuts
     D:2: 932 daAuts
     D:1: 795 daAuts
     D:4: 721 daAuts
